 Dungeon Crawl Stone Soup version 0.30-a0-883-g5ad918d (webtiles) character file.

Game seed: 1101204052042689632

3881 Nithhogg the Cleaver (level 10, -3/90 HPs)
             Began as a Hill Orc Fighter on Mar 17, 2023.
             Was a Believer of the Shining One.
             Slain by Grum
             ... wielding a +0 spear of pain
              (17 damage)
             ... on level 8 of the Dungeon.
             The game lasted 00:11:46 (5950 turns).

Nithhogg the Cleaver (Hill Orc Fighter)             Turns: 5950, Time: 00:11:46

Health: -3/90      AC:  0    Str: 24    XL:     10   Next: 19%
Magic:  16/16      EV: 13    Int:  8    God:    the Shining One [**....]
Gold:   409        SH:  0    Dex: 10    Spells: 9/9 levels left

rFire   . . .      SeeInvis .    a - melded +0 war axe (heavy)
rCold   . . .      Faith    .    (shield currently unavailable)
rNeg    + . .      Spirit   .    b - melded +0 scale mail
rPois   .          Reflect  .    (helmet currently unavailable)
rElec   .          Rampage  .    i - melded +1 cloak
rCorr   .                        (gloves currently unavailable)
Will    .....                    u - melded +0 pair of boots "Runyheg" {Dex+3}
Stlth   +                        (no amulet)
HPRegen 0.35/turn                r - melded +4 ring of protection
MPRegen 0.15/turn                z - melded ring "Nafuzibop" {rElec rF+ rC- rCorr Dex+6}

@: pig-form, glowing, very quick
A: fast, no casting, small
a: Renounce Religion, Convert to Beogh, Divine Shield


You were on level 8 of the Dungeon.
You worshipped the Shining One.
The Shining One was pleased with you.
You were a filthy swine.
You visited 2 branches of the dungeon, and saw 9 of its levels.

You collected 409 gold pieces.

Inventory:

Hand Weapons
 a - a +0 heavy war axe (melded)
 K - a +4 battleaxe
Missiles
 y - 3 throwing nets (quivered)
Armour
 b - a +0 scale mail (melded)
 c - a +0 buckler
 i - a +1 cloak (melded)
 u - the +0 pair of boots "Runyheg" (melded) {Dex+3}
   (You found it on level 2 of the Dungeon)

   Dex:       It affects your dexterity (+3).
Jewellery
 j - a ring of poison resistance
 r - a +4 ring of protection (melded)
 s - a +6 ring of strength
 z - the ring "Nafuzibop" (melded) {rElec rF+ rC- rCorr Dex+6}
   (You found it on level 3 of the Dungeon)

   [ring of dexterity]

   Dex:       It affects your dexterity (+6).
   rF:        It protects you from fire.
   rC:        It makes you vulnerable to cold.
   rElec:     It insulates you from electricity.
   rCorr:     It protects you from acid and corrosion.
 A - a +6 ring of strength
 E - the ring "Noulu" {rF- rN+ AC+4 Int+5}
   (You found it on level 6 of the Dungeon)

   [ring of protection]

   AC:        It affects your AC (+4).
   Int:       It affects your intelligence (+5).
   rF:        It makes you vulnerable to fire.
   rN:        It protects you from negative energy.
 M - a +4 ring of protection
Wands
 f - a wand of flame (18)
 g - a wand of iceblast (17)
 k - a wand of paralysis (4)
Scrolls
 o - 3 scrolls of teleportation
 p - 5 scrolls of enchant weapon
 q - 2 scrolls of silence
 B - 3 scrolls of enchant armour {unknown}
 D - 2 scrolls of poison {unknown}
 F - a scroll of amnesia {unknown}
 H - a scroll of acquirement {unknown}
 I - a scroll of noise {unknown}
 J - a scroll of vulnerability {unknown}
 L - 2 scrolls of identify
Potions
 d - a potion of invisibility {unknown}
 e - 4 potions of attraction {unknown}
 h - 2 potions of curing
 l - 3 potions of mutation {unknown}
 m - 2 potions of magic {unknown}
 n - 3 potions of brilliance {unknown}
 t - 2 potions of degeneration {unknown}
 v - 2 potions of ambrosia {unknown}
 w - 4 potions of lignification {unknown}
 x - 2 potions of cancellation {unknown}
 C - a potion of heal wounds {unknown}
 G - a potion of berserk rage {unknown}


   Skills:
 + Level 8.5 Fighting
 * Level 12.1 Axes
 + Level 7.7 Armour
 - Level 3.2 Shields
 + Level 8.3 Invocations


You had 9 spell levels left.
You didn't know any spells.
Your spell library contained the following spells:

 Spells                   Type           Power      Damage    Failure   Level
 Apportation              Tloc           0%         N/A       41%         1
 Necrotise                Necr           0%         1d4       41%         1
 Summon Small Mammal      Summ           0%         N/A       41%         1
 Sublimation of Blood     Necr           0%         N/A       54%         2
 Wereblood                Tmut           0%         N/A       54%         2
 Ozocubu's Armour         Ice            0%         N/A       78%         3
 Portal Projectile        Hex/Tloc       0%         N/A       78%         3
 Tukima's Dance           Hex            0%         N/A       78%         3
 Blade Hands              Tmut           0%         N/A       100%        5
 Ozocubu's Refrigeration  Ice            0%         4d7       100%        7
 Summon Hydra             Summ           0%         N/A       100%        7


Dungeon Overview and Level Annotations

Branches:
Dungeon (8/15)             Temple (1/1) D:4
   Lair: D:8-11

Altars:
Ashenzari
Dithmenos
Elyvilon
Fedhas
Gozag
Hepliaklqana
Kikubaaqudgha
Makhleb
Nemelex Xobeh
Okawaru
Qazlal
Ru
Trog
Uskayaw
Vehumet
Xom
Zin
The Shining One

Shops:
D:1 :!=   D:6 **

Annotations:
D:8 Grum
Temple 2 transporters


Message History

Grum points his finger and shouts, "Pluto!
Sic 'em!"
Grum misses you. The wolf bites you but does no damage. The wolf misses you.
You barely miss the wolf. You slash the wolf!
The wolf bites you but does no damage. x2
Grum hits you from afar with a +0 spear of pain!
The wolf bites you but does no damage. The wolf bites you.
Grum hits you from afar with a +0 spear of pain!
The wolf bites you. The wolf bites you but does no damage.
You slice the wolf!!
You kill the wolf!
You hit the wolf. The wolf bites you but does no damage.
An orc priest comes into view. It is wielding a +2 whip of draining.
Grum glances around and shouts, "Cujo!
Here boy!"
Grum zaps a wand.
You turn into a filthy swine.
Your +0 heavy war axe melds into your body.
Your +1 cloak melds into your body.
The +0 pair of boots "Runyheg" {Dex+3} melds into your body.
Your +0 scale mail melds into your body.
Your +4 ring of protection melds into your body.
The ring "Nafuzibop" {rElec rF+ rC- rCorr Dex+6} melds into your body.
You feel clumsy. The wolf bites you.
The orc priest shouts!
You hit the wolf but do no damage.
The wolf is lightly wounded.
You hear a shout!
The wolf bites you!
Grum hits you from afar with a +0 spear of pain!
* * * LOW HITPOINT WARNING * * *
An orc wizard comes into view. It is wielding a +0 dagger.
The wolf attacks as you move away! The wolf bites you!
* * * LOW HITPOINT WARNING * * *
The wolf bites you!
* * * LOW HITPOINT WARNING * * *
Okay, then.
You feel better. The wolf bites you!
* * * LOW HITPOINT WARNING * * *
You feel better. The wolf closely misses you.
Grum hits you from afar with a +0 spear of pain!
You die...

......##.....## ....... o
......#......###...... ..
..............##...... ...
##.#...........#......
...o#..##......##.........
....... #......#..........
......†###.###...)........
#....##.###.........##.
#...ghh..#.............
#...##.................
......##..####.......##..
#.....##........##....##..
#..##. ##.......##........
... #.. #......###........
.. #...#......###........
.. #.....#.............
...##.#..##.#.........#


You could see Grum, a wolf and an orc priest.

Vanquished Creatures
  A wyvern (D:8)
  A steam dragon (D:6)
  Duvessa (D:5)
  Edmund (D:5)
  3 water moccasins
  2 black bears (D:6)
  3 ice beasts
  A sky beast (D:6)
  3 wolves (D:8)
  2 ogres
  2 centaurs
  2 phantoms
  Blork the orc (D:5)
  4 bullfrogs
  3 scorpions
  4 wights (D:8)
  Dowan (D:5)
  A howler monkey (D:5)
  3 hounds
  3 jellies
  Crazy Yiuf (D:4)
  5 orc priests
  2 gnoll boudas
  Ijyb (D:3)
  3 iguanas
  4 orc wizards
  Natasha (thrice) (D:4)
  Terence (D:2)
  11 gnolls
  12 adders
  A white imp (D:7)
  2 worms (D:2)
  3 dart slugs
  13 orcs
  3 endoplasms
  4 giant cockroaches
  4 goblins
  4 hobgoblins
  3 quokkas
  2 ball pythons
  8 bats
  A frilled lizard (D:1)
  5 kobolds
  5 rats
143 creatures vanquished.

Vanquished Creatures (others)
  A human (D:6)
  An ogre (D:7)
  A centaur (D:7)
  2 bullfrogs (D:7)
  2 scorpions (D:7)
  A jelly (D:7)
  A sleepcap (D:7)
  An iguana (D:7)
  An ufetubus (D:7)
11 creatures vanquished.

Grand Total: 154 creatures vanquished

Notes
Turn   | Place    | Note
-------+----------+-------------------------------------------
     0 | D:1      | Nithhogg the Hill Orc Fighter began the quest for the Orb.
     0 | D:1      | Reached XP level 1. HP: 19/19 MP: 1/1
    38 | D:1      | Found Pinik's Distillery.
    73 | D:1      | Found Giceyn's Jewellery Shop.
    91 | D:1      | Reached skill level 3 in Axes
   185 | D:1      | Reached XP level 2. HP: 27/27 MP: 2/2
   225 | D:1      | Reached skill level 1 in Invocations
   291 | D:1      | Found Joakle's Book Boutique.
   618 | D:2      | Found a faded altar of an unknown god.
   630 | D:2      | Reached XP level 3. HP: 27/33 MP: 3/3
   973 | D:2      | Identified the +0 pair of boots "Runyheg" {Dex+3}
  1119 | D:2      | Noticed Terence
  1128 | D:2      | Killed Terence
  1129 | D:2      | Reached skill level 4 in Axes
  1129 | D:2      | Reached XP level 4. HP: 36/40 MP: 5/5
  1583 | D:3      | Noticed Ijyb
  1601 | D:3      | Killed Ijyb
  1602 | D:3      | Reached XP level 5. HP: 26/47 MP: 6/6
  1718 | D:3      | Reached skill level 5 in Axes
  1839 | D:3      | Found an opulent altar of Gozag.
  1839 | D:3      | Found a shadowy altar of Dithmenos.
  1840 | D:3      | Found a hazy altar of Hepliaklqana.
  1918 | D:3      | Identified the ring "Nafuzibop" {rElec rF+ rC- rCorr Dex+6}
  2286 | D:4      | Found a radiant altar of Vehumet.
  2440 | D:4      | Found a staircase to the Ecumenical Temple.
  2446 | D:4      | Noticed Natasha
  2460 | D:4      | Killed Natasha
  2474 | D:4      | Noticed Natasha
  2477 | Temple   | Entered the Ecumenical Temple
  2477 | Temple   | Found a transporter.
  2477 | Temple   | Found a transporter.
  2479 | Temple   | Found a transporter.
  2479 | Temple   | Found a transporter.
  2497 | Temple   | Became a worshipper of the Shining One
  2547 | D:4      | Killed Natasha
  2577 | D:4      | Reached XP level 6. HP: 44/55 MP: 8/8
  2605 | D:4      | Noticed Natasha
  2611 | D:4      | Killed Natasha
  3114 | D:4      | Found a runed translucent door.
  3115 | D:4      | Noticed Crazy Yiuf
  3178 | D:4      | Found a blossoming altar of Fedhas.
  3375 | D:4      | Reached skill level 5 in Fighting
  3375 | D:4      | Reached skill level 6 in Axes
  3441 | D:4      | Killed Crazy Yiuf
  3521 | D:5      | Entered Level 5 of the Dungeon
  3534 | D:5      | Reached XP level 7. HP: 61/61 MP: 9/9
  3551 | D:5      | Noticed Blork the orc
  3558 | D:5      | Killed Blork the orc
  3725 | D:5      | Reached skill level 5 in Armour
  3731 | D:5      | Reached skill level 7 in Axes
  3769 | D:5      | Noticed Edmund
  3769 | D:5      | Reached * piety under the Shining One
  3776 | D:5      | Killed Edmund
  3777 | D:5      | Reached XP level 8. HP: 60/70 MP: 11/11
  3946 | D:5      | Reached skill level 8 in Axes
  3946 | D:5      | Reached skill level 5 in Invocations
  4059 | D:5      | Noticed Dowan
  4059 | D:5      | Noticed Duvessa
  4065 | D:5      | Killed Duvessa
  4077 | D:5      | Killed Dowan
  4334 | D:6      | Found Nurphac's General Store.
  4336 | D:6      | Found Aquinaogri's Specific Store.
  4370 | D:6      | Reached skill level 9 in Axes
  4416 | D:6      | Reached XP level 9. HP: 70/79 MP: 13/13
  4551 | D:6      | Reached skill level 10 in Axes
  4599 | D:6      | Identified the ring "Noulu" {rF- rN+ AC+4 Int+5}
  4612 | D:6      | Found an ancient bone altar of Kikubaaqudgha.
  4769 | D:7      | Found a shimmering altar of Xom.
  4776 | D:7      | Reached ** piety under the Shining One
  5133 | D:7      | Reached skill level 11 in Axes
  5689 | D:8      | Found a burning altar of Makhleb.
  5732 | D:8      | Reached XP level 10. HP: 73/87 MP: 15/15
  5841 | D:8      | Reached skill level 12 in Axes
  5938 | D:8      | Noticed Grum
  5950 | D:8      | Slain by Grum

Illustrated notes

Levels and vault maps discovered:
D:1:      dpeg_arrival_solitude, layout_loops_ring, serial_shops,
          nicolae_shop_statue_plus, nicolae_shop_advertising_works
          [nicolae_subvault_shop_adworks], shop
D:2:      layout_basic, ebering_ecumenical_altar_box, uniq_terence
D:3:      layout_basic, gammafunk_temple_overflow_claw, uniq_ijyb
D:4:      layout_loops_ring, mainiacjoe_overflow_tiny_flanked,
          nicolae_overflow_crystal_walls, minmay_temple_entry_stoned_glass,
          uniq_natasha, uniq_crazy_yiuf_cottage
D:5:      layout_rooms, nicolae_half_adder, uniq_duvessa, uniq_edmund,
          uniq_blork_the_orc
D:6:      layout_rooms, tgw_kikubaaqudgha, hex_tiny, nicolae_specific_store
D:7:      layout_loops_ring, xom_confusion_cloud
D:8:      layout_cave_pools, bloody_makhleb, uniq_grum
Temple:   hellmonk_temple_divided_pantheon

Skill      XL: |  1  2  3  4  5  6  7  8  9 10 |
---------------+-------------------------------+-----
Axes           | 3 4 5 6 7 9 11 12 | 12.1
Invocations    | 1 2 3 4 6 7 8 |  8.3
Fighting       | 4 5 7 8 |  8.5
Armour         | 4 5 6 7 |  7.7
Shields        | |  3.2

Action                     |  1- 3 |  4- 6 |  7- 9 | 10-12 || total
---------------------------+-------+-------+-------+-------++-------
  Melee: War axe           |    85 |   112 |   128 |    18 ||   343
         Punch             |       |     1 |     2 |       ||     3
         Unarmed           |       |       |       |     1 ||     1
    Use: Scroll            |       |     4 |     3 |       ||     7
         Potion            |       |     3 |       |     2 ||     5
 Armour: Scale mail        |    48 |    65 |   117 |    19 ||   249
  Dodge: Dodged            |    47 |    77 |    80 |    10 ||   214

Table legend: (Time is in decaauts)
 A = Elapsed time spent in this place.
 B = Non-inter-level travel time spent in this place.
 C = Inter-level travel time spent in this place.
 D = Time resting spent in this place.
 E = Time spent auto-exploring this place.
 F = Levels seen in this place.
 G = Mean time per level.
                   A        B        C        D        E       F      G
               +--------+--------+--------+--------+--------+-----+--------+
         Total |   6065 |   5926 |    139 |    275 |   4572 |   9 |  673.9 |
       Dungeon |   5854 |   5715 |    139 |    107 |   4572 |   8 |  731.8 |
        Temple |    210 |    210 |      0 |    168 |      0 |   1 |  210.0 |
               +--------+--------+--------+--------+--------+-----+--------+

Top non-repeatable levels by time:
     D:4: 1031 daAuts
     D:2: 958 daAuts
     D:5: 790 daAuts
     D:7: 789 daAuts
     D:3: 726 daAuts
     D:1: 629 daAuts
     D:6: 515 daAuts
     D:8: 413 daAuts
  Temple: 210 daAuts
